 Dungeon Crawl Stone Soup version 0.21-a0-91-ga5031da (webtiles) character file.

2466 Gorglomux the Nimble (level 9, 0/70 (71) HPs)
             Began as a Vampire Gladiator on June 29, 2017.
             Was a Priest of Yredelemnul.
             Killed by the air
             ... invoked by Gastronok
              (10 damage)
             ... on level 7 of the Dungeon.
             The game lasted 00:14:31 (6901 turns).

Gorglomux the Nimble (Vampire Gladiator)            Turns: 6901, Time: 00:14:32

HP:   0/70 (71)     AC: 11    Str: 16    XL:     9   Next: 26%
MP:   0/12          EV: 18    Int: 10    God:    Yredelemnul [***...]
Gold: 334           SH:  0    Dex: 16    Spells: 8/8 levels left

rFire    . . .     SeeInvis +   W - +2 dagger (venom)
rCold    + . .     Gourm    .   (no shield)
rNeg     + . .     Faith    .   b - +0 leather armour
rPois    .         Spirit   +   B - +1 helmet
rElec    .         Reflect  .   (no cloak)
rCorr    .         Harm     .   F - +2 pair of gloves
MR       .....                  S - +2 pair of boots
Stlth    +++.......             u - amulet of guardian spirit
HPRegen  0.21/turn              c - ring of protection from cold
MPRegen  0.13/turn              (no ring)

@: very slightly contaminated, drained, invisible
A: fangs 3, see invisible, unbreathing
a: Bat Form, Recall Undead Slaves, Injury Mirror, Animate Dead, Renounce
Religion


You were on level 7 of the Dungeon.
You worshipped Yredelemnul.
Yredelemnul was most pleased with you.
You were not thirsty.

You visited 1 branch of the dungeon, and saw 8 of its levels.
You also visited: Sewer.

You collected 334 gold pieces.

Inventory:

Hand Weapons
 a - a +0 war axe
 W - a +2 dagger of venom (weapon)
Missiles
 Z - 4 throwing nets (quivered)
Armour
 b - a +0 leather armour (worn)
 v - a +0 buckler
 B - a +1 helmet (worn)
 F - a +2 pair of gloves (worn)
 S - a +2 pair of boots (worn)
Jewellery
 c - a ring of protection from cold (left hand)
 u - an amulet of guardian spirit (around neck)
Wands
 C - a wand of confusion (28/48)
 E - a wand of paralysis (11/24)
 P - a wand of paralysis (7/24)
Scrolls
 y - a scroll of remove curse {unknown}
 z - a scroll of fog {unknown}
 A - a scroll of amnesia {unknown}
 D - a scroll of recharging {unknown}
 H - 2 scrolls of blinking {unknown}
 J - 2 scrolls of random uselessness {unknown}
 K - 3 scrolls of teleportation {unknown}
 L - a scroll of enchant weapon {unknown}
 M - a scroll of enchant armour {unknown}
 V - a scroll of magic mapping {unknown}
 X - 2 scrolls of immolation {unknown}
Potions
 G - a potion of might {unknown}
 I - 3 potions of heal wounds {unknown}
 N - 3 potions of agility {unknown}
 Q - 3 potions of curing
 R - 2 potions of flight {unknown}
 T - a potion of lignification {unknown}
 U - 4 potions of mutation
 Y - 4 potions of cancellation {unknown}
Books
 O - a book of Minor Magic

   Spells                             Type                      Level
   a - Magic Dart                     Conjuration                  1
   b - Blink                          Translocation                2
   c - Call Imp                       Summoning                    2
   d - Slow                           Hexes                        2
   e - Conjure Flame                  Conjuration/Fire             3
   f - Mephitic Cloud                 Conjuration/Poison/Air       3


   Skills:
 + Level 6.9 Fighting
 - Level 3.2 Axes
 - Level 1.5 Throwing
 + Level 8.6(8.5) Dodging
 - Level 6.3 Stealth
 + Level 4.7 Invocations


You had 8 spell levels left.
You didn't know any spells.

Dungeon Overview and Level Annotations

Branches:
Dungeon (8/15)             Temple (0/1) D:7
   Lair: D:8-11

Altars:
Cheibriados
Fedhas
Hepliaklqana
Makhleb
Nemelex Xobeh
Ru
Trog
Wu Jian
Xom
Yredelemnul
Zin
The Shining One

Shops:
D:4 *

Annotations:
D:7 Gastronok


Innate Abilities, Weirdness & Mutations

You have razor-sharp teeth.
You have supernaturally acute eyesight. (SInv)
You can survive without breathing.


Message History

Unknown command.
A killer bee comes into view.
The orc closely misses you.
The orc priest shouts!
A killer bee comes into view.
The killer bee buzzes angrily.
You hear an angry buzzing noise. x2
The killer bee buzzes angrily.
You hear an angry buzzing noise.
A killer bee comes into view.
The killer bee buzzes angrily.
The orc hits you with a mace.
* * * LOW HITPOINT WARNING * * *
A killer bee comes into view.
There is a stone staircase leading up, spattered with blood here.
You climb upwards.
There is a stone staircase leading down here.
The orc barely misses you.
Gastronok waves his eye-stalks in wide circles.
The air twists around and strikes you!
You die...
Yredelemnul claims you as an undead slave.

....# ##.# ....# #..# ....# ###
#.## ...## #####.###.# ..##
####......#..# ###
...###...........## ##.## #
.#.##............# #...# #
.#..#............## ##...# #
###.............@.# #....# #
####..........o...## #...######
##.................# #..####...
................w..# #..#......
..................######.....###.
##...........[.....##.....#### #.
##......)).............### #.
#####...[..###.....#### ##
#.......##...####


You could see Gastronok and an orc (wandering).

Vanquished Creatures
  2 sky beasts
  An orc warrior (D:6)
  Purgy (Sewer)
  2 necrophages
  A phantom (D:7)
  An ogre (D:5)
  5 centaurs
  The ghost of grindst0ne the Changer, an amateur OpTm (D:3)
  A scorpion (D:4)
  2 howler monkeys (D:5)
  A crimson imp (D:6)
  A bullfrog skeleton (D:5)
  3 jellies (D:5)
  4 orc priests
  Jessica (D:3)
  An iguana (D:5)
  8 orc wizards
  3 worker ants
  4 hound zombies (D:7)
  5 gnolls
  12 adders
  A howler monkey skeleton (D:5)
  A shadow imp (D:5)
  2 oozes
  A worm (D:2)
  2 dart slugs (D:3)
  5 leopard geckos
  24 orcs
  2 ball pythons
  7 bats
  8 giant cockroaches
  4 goblins
  5 hobgoblins
  19 jackals
  4 quokkas
  6 frilled lizards
  12 kobolds
  5 rats
168 creatures vanquished.

Vanquished Creatures (collateral kills)
  An ice beast (D:7)
  An ogre (D:7)
  A centaur (D:5)
  A howler monkey (D:5)
  A jelly (D:7)
  An orc wizard (D:7)
  A gnoll (D:3)
  2 leopard geckos
  3 orcs
  A bat (D:3)
  A jackal (D:6)
  A rat (D:3)
15 creatures vanquished.

Vanquished Creatures (others)
  A centaur zombie (D:5)
  A necrophage skeleton (D:7)
  An ogre zombie (D:7)
  A howler monkey zombie (D:5)
  5 orc zombies
  A bat zombie (D:3)
  3 jackal zombies
  A quokka zombie (D:6)
  A rat zombie (D:3)
15 creatures vanquished.

Grand Total: 198 creatures vanquished

Notes
Turn   | Place    | Note
-------+----------+-------------------------------------------
     0 | D:1      | Gorglomux the Vampire Gladiator began the quest for the Orb.
     0 | D:1      | Reached XP level 1. HP: 16/16 MP: 1/1
   322 | D:1      | Reached skill level 3 in Axes
   322 | D:1      | Reached XP level 2. HP: 17/22 MP: 2/2
   451 | D:1      | You fall through a shaft!
   622 | D:2      | Reached XP level 3. HP: 20/28 MP: 3/3
   629 | D:2      | Reached skill level 1 in Stealth
   985 | D:2      | Found a glowing golden altar of the Shining One.
   985 | D:2      | Found a basalt altar of Yredelemnul.
   990 | D:2      | Found a snail-covered altar of Cheibriados.
   992 | D:2      | Found a hazy altar of Hepliaklqana.
   993 | D:2      | Found a bloodstained altar of Trog.
  1012 | D:2      | Became a worshipper of Yredelemnul the Dark
  1325 | D:1      | Reached XP level 4. HP: 32/34 MP: 4/4
  1715 | D:3      | Reached skill level 3 in Fighting
  1730 | D:3      | Reached skill level 4 in Dodging
  1752 | D:3      | Reached * piety under Yredelemnul
  1767 | D:3      | Found a glowing drain.
  1771 | D:3      | Reached skill level 3 in Stealth
  1882 | Sewer    | Entered a sewer
  1917 | Sewer    | Noticed KristoblXynda's ghost (amateur DrGl)
  2013 | Sewer    | Noticed Purgy
  2021 | Sewer    | Killed Purgy
  2021 | Sewer    | Reached XP level 5. HP: 32/41 MP: 5/5
  2125 | D:3      | Noticed Jessica
  2132 | D:3      | Killed Jessica
  2166 | D:3      | Reached XP level 6. HP: 45/48 MP: 3/6
  2312 | D:3      | Reached ** piety under Yredelemnul
  2329 | D:3      | Noticed grindst0ne's ghost (amateur OpTm)
  2339 | D:3      | Reached skill level 5 in Dodging
  2344 | D:3      | Killed grindst0ne's ghost
  3130 | D:4      | Found Gakhlo's General Store.
  3203 | D:4      | Found a sacrificial altar of Ru.
  3210 | D:4      | Found an ornate altar of the Wu Jian Council.
  3522 | D:5      | Entered Level 5 of the Dungeon
  3540 | D:5      | Reached XP level 7. HP: 55/55 MP: 7/7
  3572 | D:5      | Reached skill level 6 in Stealth
  3767 | D:5      | Reached skill level 6 in Dodging
  4108 | D:5      | Reached skill level 1 in Invocations
  4325 | D:5      | Reached XP level 8. HP: 57/62 MP: 9/9
  4441 | D:5      | Reached skill level 7 in Dodging
  4784 | D:6      | Reached skill level 3 in Invocations
  4842 | D:6      | Found a shimmering altar of Xom.
  4844 | D:6      | Found a snail-covered altar of Cheibriados.
  4844 | D:6      | Found a glowing silver altar of Zin.
  4846 | D:6      | Found a basalt altar of Yredelemnul.
  4846 | D:6      | Found a burning altar of Makhleb.
  4846 | D:6      | Found a sparkling altar of Nemelex Xobeh.
  5116 | D:6      | Reached skill level 6 in Fighting
  5213 | D:6      | Reached *** piety under Yredelemnul
  5254 | D:6      | Found a glowing golden altar of the Shining One.
  5525 | D:7      | Reached skill level 8 in Dodging
  5718 | D:7      | Found a blossoming altar of Fedhas.
  5734 | D:7      | Reached XP level 9. HP: 58/70 MP: 12/12
  6173 | D:7      | Found a staircase to the Ecumenical Temple.
  6735 | D:8      | Noticed Gastronok
  6888 | D:8      | Noticed a queen bee
  6901 | D:7      | Killed from afar by Gastronok

Vault maps used:
D:1:      mrwooster_arrival_statue, minivault_19
D:2:      chequers_temple_overflow_minitemple, eino_tiny_chamber
D:3:      kennysheep_big_flooded_room, portal_sewer_entry_a, uniq_jessica
D:4:      amethyst_overflow_temple_binary, serial_shops, shop_fountains
D:5:      minmay_thick_lines, first_bread
D:6:      doesnt_xom_only_xom, tso_altar
D:7:      fedhas_bush_and_centaur_altar, minmay_temple_entry_hall
D:8:      david_nohive_1, roderic_batcave, uniq_gastronok
Sewer:    kennysheep_door_sewer

Skill      XL: |  1  2  3  4  5  6  7  8 |
---------------+-------------------------+-----
Fighting       | 2 3 4 5 6 |  6.9
Axes           | 3 |  3.2
Stealth        | 2 4 5 6 |  6.3
Dodging        | 4 5 6 8 |  8.6
Invocations    | 1 4 |  4.7
Throwing       | |  1.5

Action                   |  1- 3 |  4- 6 |  7- 9 || total
-------------------------+-------+-------+-------++-------
Melee: War axe           |    40 |     6 |       ||    46
       Bite              |     8 |    16 |    65 ||    89
       Dagger            |    37 |   156 |   332 ||   525
Invok: Animate Remains   |       |    15 |     9 ||    24
       Animate Dead      |       |       |     9 ||     9
 Abil: End Transformatio |       |       |     2 ||     2
       Bat Form          |       |       |     2 ||     2
  Use: Potion            |     9 |    13 |    23 ||    45
       Scroll            |       |     2 |     1 ||     3
 Stab: Sleeping          |     3 |    11 |     5 ||    19
       Distracted        |       |       |     2 ||     2
Armor: Leather armour    |    25 |    54 |   108 ||   187
Dodge: Dodged            |    64 |   135 |   312 ||   511
